 Dungeon Sprint DCSS version 0.18-a0-1147-g8e8348b (webtiles) character file.

64935 Kidiri the Imperceptible (level 13, 0/55 HPs)
             Began as a Spriggan Enchanter on Jan 22, 2016.
             Was the Champion of Dithmenos.
             Shot with an arrow by a deep elf master archer (24 damage)
             ... in the Dungeon (Sprint III: "The Ten Rune Challenge").
             The game lasted 00:46:25 (5334 turns).

Kidiri the Imperceptible (Spriggan Enchanter)       Turns: 5334, Time: 00:46:26

Health: 0/55       AC:  6    Str:  4    XL:     13   Next: 55%
Magic:  26/35      EV: 38    Int: 17    God:    Dithmenos [******]
Gold:   7418       SH:  0    Dex: 21    Spells: 10 memorised, 9 levels left

rFire  . . .     SeeInvis +     c - +2 dagger (freeze)
rCold  . . .     Gourm    .     b - +1 robe
rNeg   . . .     Faith    .     (shield restricted)
rPois  +         Spirit   .     a - +2 hat
rElec  .         Dismiss  .     (no cloak)
rCorr  .         Reflect  .     (gloves unavailable)
SustAt .         Harm     .     (boots unavailable)
MR     ++...     Clarity  +     (no amulet)
Stlth  ++++++++++ NoTele   +    (no ring)
                                (no ring)

@: wreathed by umbra, very quick, very resistant to hostile enchantments,
uncannily stealthy
A: unfitting armour, antennae 1, icy blue scales 1, see invisible, agile 1,
clarity, dopey 1, herbivore 3, speed 3, poison resistance, slow metabolism 2
a: Shadow Step, Shadow Form, Renounce Religion
}: 2/10 runes: serpentine, barnacled


You were in the Dungeon.
You worshipped Dithmenos.
Dithmenos was exalted by your worship.
You were not hungry.

You visited 1 branch You collected 7446 gold pieces.
You spent 28 gold pieces at shops.

Inventory:

Hand Weapons
 c - a +2 dagger of freezing (weapon)
 d - a +0 rapier
Missiles
 u - 10 throwing nets (quivered)
Armour
 a - a +2 hat (worn)
 b - a +1 robe (worn)
Scrolls
 j - a scroll of blinking
 k - a scroll of fog
 r - 3 scrolls of remove curse
Potions
 f - 2 potions of heal wounds
 g - a potion of haste
 h - 2 potions of magic
 i - 2 potions of berserk rage
 p - 2 potions of cure mutation
 q - 3 potions of flight
 s - a potion of might
Comestibles
 o - 26 royal jellies
 v - 6 fruits


   Skills:
 * Level 16.2 Short Blades
 * Level 20.3 Dodging
 * Level 21.8 Stealth
 * Level 17.6 Spellcasting
 + Level 8.4 Conjurations
 + Level 13.4 Hexes
 - Level 8.3 Ice Magic
 + Level 6.4 Earth Magic
 + Level 9.9 Poison Magic
 - Level 2.1 Invocations


You had 9 spell levels left.
You knew the following spells:

 Your Spells              Type           Power        Failure   Level  Hunger
a - Corona                Hex            ######.      0%          1    None
b - Ensorcelled Hibernat  Hex/Ice        ######       1%          2    None
c - Confuse               Hex            ######..     1%          3    None
d - Tukima's Dance        Hex            ######..     1%          3    None
e - Dazzling Spray        Conj/Hex       ######..     1%          3    None
f - Fulminant Prism       Conj/Hex       ######....   1%          4    None
g - Iskenderun's Mystic   Conj           #####...     1%          4    None
h - Venom Bolt            Conj/Pois      #####.....   2%          5    ###....
i - Iron Shot             Conj/Erth      #####.....   34%         6    #####..
j - Orb of Destruction    Conj           #####.....   93%         7    ######.


Dungeon Overview and Level Annotations

Branches:
Dungeon (1/1)

Altars:
Cheibriados
Dithmenos
Elyvilon
Fedhas
Gozag
Kikubaaqudgha
Makhleb
Nemelex Xobeh
Okawaru
Pakellas
Qazlal
Ru
Sif Muna
Trog
Vehumet
Xom
Yredelemnul
Zin
The Shining One
Jiyva
Lugonu

Shops:
D [}?[%}%


Innate Abilities, Weirdness & Mutations

You are tiny and cannot use many weapons and most armour.
You have supernaturally acute eyesight.
You are a herbivore.
You cover ground extremely quickly.
You need consume almost no food.
You have a pair of small antennae on your head.
You are partially covered in icy blue scales (AC +1).
You are agile. (Dex +2)
You possess an exceptional clarity of mind.
You are dopey. (Int -2)
Your system is resistant to poisons.


Message History

Your shadow mimicks your spell!
The shadow bolt hits the deep elf master archer.
The deep elf master archer shouts!
The deep elf death mage shouts!
Unknown command.
Casting: Venom Bolt
Confirm with . or Enter, or press ? or * to list all spells.
Aiming: Iskenderun's Mystic Blast
Press: ? - help, Shift-Dir - straight line, f/p - deep elf master archer
Aim: a deep elf master archer, wielding a longbow and wearing a shiny chain mail (moderately wounded, umbra)
The orb of energy hits the deep elf master archer.
The deep elf master archer is heavily wounded.
Your shadow mimicks your spell!
The shadow shard hits the deep elf master archer.
The deep elf master archer shoots an arrow.
The arrow hits you!!
Ouch! That really hurt!
You emit a cloud of dark smoke.
The deep elf master archer shoots an arrow.
The arrow hits you!!
You die...

▓▓▓▓▓ ▓▓▓ ####.#.###.#######
### #.#.∩.###..'.#.§.# ...'
#.......)..#.#.§@##≈≈≈≈#
#....)...###)#.§§§≈≈)...
#..)[).)..##.#...##≈≈≈≈#
#.)###..####.'.))# ee.'
#[##.....# ####### ###
#'###########################
#....#.#.#.)...#......+...≈≈#
##)#).#.##.###.#......#...≈≈###
'##)#)#.##.#.)##......#...≈≈≈≈#


You could see a deep elf master archer and a deep elf death mage.

Vanquished Creatures
  Rupert (D)
  Gastronok (D)
  A kraken (D)
  A greater naga (D)
  Maud (D)
  2 dire elephants (D)
  Erolcha (D)
  A deep elf death mage (D)
  2 hydras (D)
  A naga warrior (D)
  5 anacondas (D)
  4 alligator snapping turtles (D)
  4 death yaks (D)
  An orc high priest (D)
  A deep elf knight (D)
  A spriggan druid (D)
  An orc knight (D)
  4 deep elf magi (D)
  A lindwurm (D)
  An orc sorcerer (D)
  2 elephants (D)
  A guardian serpent (D)
  4 black mambas (D)
  2 spiny frogs (D)
  A komodo dragon (D)
  A fire drake (D)
  3 wandering mushrooms (D)
  A queen bee (D)
  2 giant leeches (D)
  8 blink frogs (D)
  2 snapping turtles (D)
  5 redbacks (D)
  2 spriggans (D)
  A shadow (D)
  A spatial vortex (D)
  2 hill giants (D)
  2 nagas (D)
  3 water moccasins (D)
  A swamp drake (D)
  A necrophage (D)
  A water elemental (D)
  A scorpion (D)
  32 killer bees (D)
  An electric eel (D)
  A jelly (D)
  5 orc priests (D)
  An orc wizard (D)
  Jessica (D)
  A wizard (D)
  A necromancer (D)
  A kobold demonologist (D)
  3 humans (D)
  4 adders (D)
  5 orcs (D)
  3 rats (D)
141 creatures vanquished.

Vanquished Creatures (collateral kills)
  An orc knight (D)
  2 deep elf magi (D)
  2 orc warriors (D)
  3 two-headed ogres (D)
  An orc (D)
9 creatures vanquished.

Vanquished Creatures (others)
  2 draconian scorchers (D)
  A death drake (D)
  2 yaktaurs (D)
  3 fulminant prisms (D)
  6 plants (D)
  20 tentacles (D)
  84 tentacle segments (D)
118 creatures vanquished.

Grand Total: 268 creatures vanquished

Notes
Turn   | Place    | Note
--------------------------------------------------------------
     0 | D        | Kidiri the Spriggan Enchanter began the quest for the Orb.
     0 | D        | Reached XP level 1. HP: 9/9 MP: 5/5
    35 | D        | Noticed Jessica
    39 | D        | Killed Jessica
    39 | D        | Reached skill level 5 in Dodging
    39 | D        | Reached skill level 6 in Stealth
    39 | D        | Reached XP level 2. HP: 13/13 MP: 6/8
    43 | D        | Learned a level 2 spell: Ensorcelled Hibernation
    50 | D        | Noticed a scorpion
    62 | D        | Killed a scorpion
    62 | D        | Reached skill level 7 in Stealth
    62 | D        | Reached skill level 5 in Spellcasting
    62 | D        | Reached skill level 1 in Ice Magic
    62 | D        | Reached XP level 3. HP: 16/16 MP: 5/10
    62 | D        | Reached XP level 4. HP: 21/21 MP: 6/12
    67 | D        | Learned a level 3 spell: Confuse
    71 | D        | Learned a level 3 spell: Dazzling Spray
    75 | D        | Learned a level 3 spell: Tukima's Dance
   107 | D        | Reached skill level 5 in Hexes
   129 | D        | Noticed a water elemental
   132 | D        | Killed a water elemental
   132 | D        | Reached skill level 8 in Stealth
   132 | D        | Reached skill level 1 in Conjurations
   132 | D        | Reached XP level 5. HP: 24/24 MP: 14/14
   139 | D        | Killed a yaktaur
   142 | D        | Noticed a shadow
   143 | D        | Killed a yaktaur
   144 | D        | Killed a shadow
   144 | D        | Reached skill level 9 in Stealth
   144 | D        | Reached XP level 6. HP: 28/28 MP: 15/17
   148 | D        | Reached skill level 10 in Stealth
   160 | D        | Found an oddly glowing altar of Pakellas.
   160 | D        | Found a stormy altar of Qazlal.
   161 | D        | Found a sacrificial altar of Ru.
   161 | D        | Found a burning altar of Makhleb.
   161 | D        | Found a viscous altar of Jiyva.
   161 | D        | Found a shimmering altar of Xom.
   161 | D        | Found a shadowy altar of Dithmenos.
   161 | D        | Found a sparkling altar of Nemelex Xobeh.
   161 | D        | Found a corrupted altar of Lugonu.
   161 | D        | Found an opulent altar of Gozag.
   161 | D        | Noticed a spatial vortex
   165 | D        | Became a worshipper of Dithmenos the Shadowed
   184 | D        | Killed a spatial vortex
   184 | D        | Reached skill level 1 in Invocations
   219 | D        | Killed a white draconian scorcher
   244 | D        | Killed a white draconian scorcher
   304 | D        | Found a radiant altar of Vehumet.
   305 | D        | Found a deep blue altar of Sif Muna.
   305 | D        | Found an ancient bone altar of Kikubaaqudgha.
   319 | D        | Learned a level 4 spell: Fulminant Prism
   324 | D        | Learned a level 4 spell: Iskenderun's Mystic Blast
   336 | D        | Found an iron altar of Okawaru.
   337 | D        | Found a bloodstained altar of Trog.
   337 | D        | Noticed a human
   337 | D        | Noticed a human
   339 | D        | Killed a human
   339 | D        | Reached * piety under Dithmenos
   339 | D        | Reached skill level 10 in Dodging
   339 | D        | Reached skill level 11 in Stealth
   339 | D        | Reached XP level 7. HP: 32/32 MP: 20/20
   341 | D        | Killed a human
   358 | D        | Found a glowing silver altar of Zin.
   359 | D        | Found a glowing golden altar of the Shining One.
   359 | D        | Found a white marble altar of Elyvilon.
   359 | D        | Noticed a deep elf mage
   361 | D        | Killed a deep elf mage
   361 | D        | Reached skill level 12 in Stealth
   361 | D        | Reached XP level 8. HP: 36/36 MP: 20/22
   375 | D        | Learned a level 5 spell: Venom Bolt
   382 | D        | Found a snail-covered altar of Cheibriados.
   383 | D        | Found a basalt altar of Yredelemnul.
   383 | D        | Found a blossoming altar of Fedhas.
   384 | D        | Reached ** piety under Dithmenos
   416 | D        | Reached skill level 10 in Spellcasting
   416 | D        | Reached skill level 1 in Poison Magic
   503 | D        | Reached *** piety under Dithmenos
   503 | D        | Reached skill level 13 in Stealth
   560 | D        | Noticed Erolcha
   562 | D        | Killed Erolcha
   562 | D        | Reached XP level 9. HP: 39/39 MP: 23/25
   567 | D        | Reached skill level 14 in Stealth
   605 | D        | Reached skill level 10 in Short Blades
   605 | D        | Reached skill level 5 in Ice Magic
   696 | D        | Noticed a queen bee
   699 | D        | Reached **** piety under Dithmenos
   727 | D        | Reached ***** piety under Dithmenos
  1075 | D        | Killed a queen bee
  1075 | D        | Reached skill level 15 in Stealth
  1080 | D        | Reached ****** piety under Dithmenos
  1407 | D        | Reached XP level 10. HP: 44/44 MP: 23/26
  1658 | D        | Reached skill level 5 in Conjurations
  1935 | D        | Noticed a spiny frog
  1935 | D        | Noticed a spiny frog
  1938 | D        | Killed a spiny frog
  1940 | D        | Reached skill level 5 in Poison Magic
  1941 | D        | Killed a spiny frog
  1941 | D        | Reached skill level 10 in Hexes
  1950 | D        | Reached skill level 16 in Stealth
  1968 | D        | Noticed a lindwurm
  1971 | D        | Killed a lindwurm
  1971 | D        | Reached skill level 15 in Dodging
  2036 | D        | Noticed Maud
  2060 | D        | Killed Maud
  2060 | D        | Reached XP level 11. HP: 10/47 MP: 10/29
  2315 | D        | Noticed a seven-headed hydra
  2315 | D        | Noticed a seven-headed hydra
  2407 | D        | Killed a seven-headed hydra
  2407 | D        | Reached skill level 17 in Stealth
  2412 | D        | Noticed a death drake
  2445 | D        | Killed a seven-headed hydra
  2452 | D        | Killed a death drake
  2461 | D        | Found a blossoming altar of Fedhas.
  2461 | D        | Noticed a spriggan druid
  2463 | D        | Killed a spriggan druid
  2505 | D        | Learned a level 6 spell: Iron Shot
  2510 | D        | Noticed an anaconda
  2510 | D        | Noticed an anaconda
  2515 | D        | Killed an anaconda
  2515 | D        | Reached skill level 1 in Earth Magic
  2518 | D        | Killed an anaconda
  2523 | D        | Noticed an anaconda
  2523 | D        | Noticed an anaconda
  2523 | D        | Noticed an anaconda
  2531 | D        | Killed an anaconda
  2531 | D        | Reached skill level 18 in Stealth
  2540 | D        | Killed an anaconda
  2626 | D        | Killed an anaconda
  2663 | D        | Noticed a naga warrior
  2663 | D        | Noticed a greater naga
  2663 | D        | Found Selamiyll's Antique Armour Shop.
  2663 | D        | Found Moteeci's Food Shoppe.
  2665 | D        | Found Votutyok's Gadget Boutique.
  2666 | D        | Killed a greater naga
  2666 | D        | Reached XP level 12. HP: 51/51 MP: 26/31
  2667 | D        | Killed a naga warrior
  2667 | D        | Reached skill level 15 in Spellcasting
  2685 | D        | Reached skill level 19 in Stealth
  2688 | D        | Got a serpentine rune of Zot
  2822 | D        | Noticed Rupert
  2827 | D        | Killed Rupert
  2838 | D        | Noticed a death yak
  2839 | D        | Noticed a death yak
  2840 | D        | Killed a death yak
  2841 | D        | Noticed an azure jelly
  2841 | D        | Noticed a death yak
  2841 | D        | Noticed an azure jelly
  2841 | D        | Noticed a death yak
  2843 | D        | Killed a death yak
  2845 | D        | Killed a death yak
  2847 | D        | Killed a death yak
  2863 | D        | Reached skill level 20 in Stealth
  2935 | D        | Noticed a kraken
  2954 | D        | Learned a level 7 spell: Orb of Destruction
  3028 | D        | Noticed an alligator snapping turtle
  3051 | D        | Noticed an alligator snapping turtle
  3100 | D        | Killed an alligator snapping turtle
  3117 | D        | Killed an alligator snapping turtle
  3267 | D        | Killed a kraken
  3267 | D        | Reached skill level 15 in Short Blades
  3267 | D        | Reached skill level 5 in Earth Magic
  3267 | D        | Reached XP level 13. HP: 55/55 MP: 21/34
  3328 | D        | Found Kipsallu's Antique Armour Shoppe.
  3328 | D        | Found Fafewn's Gadget Boutique.
  3328 | D        | Found Xomilet's Magic Scroll Shop.
  3662 | D        | Got a barnacled rune of Zot
  3664 | D        | Bought a scroll of identify for 28 gold pieces
  3672 | D        | Gained mutation: You possess an exceptional clarity of mind. [potion of mutation]
  3672 | D        | Gained mutation: You are partially covered in icy blue scales (AC +1). [potion of mutation]
  3672 | D        | Gained mutation: You are agile. (Dex +2) [potion of mutation]
  3673 | D        | Gained mutation: You have a pair of small antennae on your head. [potion of mutation]
  3674 | D        | Gained mutation: You are frail (-10% HP). [potion of mutation]
  3674 | D        | Gained mutation: Your system is resistant to poisons. [potion of mutation]
  3674 | D        | Lost mutation: You are frail (-10% HP). [potion of mutation]
  3720 | D        | Noticed an azure jelly
  3720 | D        | Noticed an azure jelly
  3721 | D        | Noticed a dire elephant
  3721 | D        | Noticed a dire elephant
  3721 | D        | Noticed Gastronok
  3739 | D        | Killed a dire elephant
  3967 | D        | Killed Gastronok
  3967 | D        | Reached skill level 21 in Stealth
  4157 | D        | Killed a dire elephant
  4301 | D        | Found Zygeblui's Food Shop.
  4790 | D        | Noticed a deep elf demonologist
  4792 | D        | Noticed a deep elf death mage
  4863 | D        | Noticed a deep elf death mage
  5133 | D        | Noticed a deep elf master archer
  5133 | D        | Killed a deep elf death mage
  5143 | D        | Killed a ghostly deep elf death mage
  5161 | D        | Gained mutation: You are dopey. (Int -2) [a neqoxec]
  5334 | D        | Shot with an arrow by a deep elf master archer

Vault maps used:
D:        dungeon_sprint_mu

Action                   |  1- 3 |  4- 6 |  7- 9 | 10-12 | 13-15 || total
-------------------------+-------+-------+-------+-------+-------++-------
Melee: Dagger            |     7 |    16 |     1 |       |       ||    24
       Short sword       |       |       |    48 |    76 |    44 ||   168
 Cast: Ensorcelled Hiber |     1 |       |    22 |    47 |    15 ||    85
       Dazzling Spray    |       |     5 |     9 |     7 |    30 ||    51
       Tukima's Dance    |       |       |     5 |     4 |     7 ||    16
       Confuse           |       |       |     6 |     3 |     4 ||    13
       Fulminant Prism   |       |       |     1 |     2 |       ||     3
       Iskenderun's Myst |       |       |       |     3 |    12 ||    15
       Venom Bolt        |       |       |       |     1 |    14 ||    15
Invok: Shadow Step       |       |       |     1 |    12 |     2 ||    15
  Use: Potion            |       |       |     1 |       |     5 ||     6
       Scroll            |       |       |       |       |     4 ||     4
 Stab: Sleeping          |     4 |     7 |    23 |    60 |     4 ||    98
       Confused          |       |       |     5 |     2 |     3 ||    10
       Invisible         |       |       |       |     1 |     3 ||     4
       Distracted        |       |       |       |     1 |       ||     1
  Eat: Bread ration      |       |       |       |     1 |       ||     1
